 Dungeon Sprint DCSS version 0.17-a0-1403-g9df874c (webtiles) character file.

78727 Kidiri the Imperceptible (level 14, -11/53 HPs)
             Began as a Spriggan Enchanter on June 20, 2015.
             Was the Champion of Dithmenos.
             Mangled by the royal jelly (39 damage)
             ... in the Dungeon (Sprint III: "The Ten Rune Challenge").
             The game lasted 01:00:35 (9297 turns).

Kidiri the Imperceptible (Spriggan Enchanter)       Turns: 9297, Time: 01:00:35

Health: -11/53     AC: 10    Str:  6    XL:     14   Next: 20%
Magic:  28/38      EV: 34    Int: 19    God:    Dithmenos [******]
Gold:   363        SH:  0    Dex: 19    Spells: 16 memorised, 2 levels left

rFire  + + .     SeeInvis +     l - +3 dagger (protect)
rCold  + . .     Clarity  .     j - +1 robe {rC+}
rNeg   . . .     SustAt   +     (shield restricted)
rPois  +         Gourm    .     x - +0 hat
rElec  .         Spirit   .     w - +1 cloak "Emmass" {Slay+2}
rCorr  .         Warding  .     (gloves unavailable)
rMut   .         NoTele   +     (boots unavailable)
MR     ++...                    (no amulet)
Stlth  ++++++++++               B - ring of Reheacu {SustAt rF+}
                                A - ring of Conversion {rPois rF+}

@: wreathed by umbra, very quick, very resistant to hostile enchantments,
uncannily stealthy
A: unfitting armour, see invisible, deterioration 2, herbivore 3, speed 3, frail
1, slow metabolism 2, strong 1
a: Shadow Step, Shadow Form, Renounce Religion
}: 2/10 runes: decaying, serpentine


You were in the Dungeon.
You worshipped Dithmenos.
Dithmenos was exalted by your worship.
You were not hungry.

You visited 1 branch You collected 1704 gold pieces.
You spent 1341 gold pieces at shops.

Inventory:

Hand weapons
 a - a +3 dagger of holy wrath
 l - a +3 dagger of protection (weapon)
Armour
 j - a +1 robe of cold resistance (worn)
 n - a +0 robe of poison resistance
 w - the +1 cloak "Emmass" (worn) {Slay+2}
   (You bought it in a shop in the Dungeon)

   It affects your accuracy and damage with ranged weapons and melee attacks
   (+2).
 x - a +0 hat (worn)
Jewellery
 A - the ring of Conversion (left hand) {rPois rF+}
   (You found it in the Dungeon)

   [ring of poison resistance]

   It protects you from fire.
   It protects you from poison.
 B - the ring of Reheacu (right hand) {SustAt rF+}
   (You found it in the Dungeon)

   [ring of sustain attributes]

   It sustains your strength, intelligence and dexterity.
   It protects you from fire.
Magical devices
 m - a wand of teleportation (3)
 D - a wand of invisibility (4)
Scrolls
 p - a scroll of torment
 q - 3 scrolls of remove curse
 s - a scroll of holy word {unknown}
Potions
 c - 2 potions of brilliance {unknown}
 e - 2 potions of curing
 f - a potion of heal wounds
 g - 2 potions of haste
 h - 2 potions of magic
 i - a potion of degeneration {unknown}
 k - 2 potions of cure mutation
 o - a potion of berserk rage
 r - 2 potions of flight
 u - 2 potions of might
 v - 2 potions of lignification
Books
 b - the Grimoire of Battle Magic
   (You found it in the Dungeon)

   Spells                             Type                      Level
   a - Flame Tongue                   Conjuration/Fire             1
   b - Force Lance                    Conjuration/Translocation    4
   c - Sticky Flame                   Conjuration/Fire             4
   d - Fireball                       Conjuration/Fire             5
   Dithmenos disapproves of the use of such an item.
 y - a book of Geomancy

   Spells                             Type                      Level
   a - Sandblast                      Earth                        1
   b - Stoneskin                      Transmutation/Earth          2
   c - Passwall                       Transmutation/Earth          3
   d - Stone Arrow                    Conjuration/Earth            3
   e - Petrify                        Transmutation/Earth          4
   f - Lee's Rapid Deconstruction     Earth                        5
 E - a book of the Dragon

   Spells                             Type                      Level
   a - Flame Tongue                   Conjuration/Fire             1
   b - Cause Fear                     Hexes                        4
   c - Bolt of Fire                   Conjuration/Fire             6
   d - Dragon Form                    Transmutation                7
   e - Dragon's Call                  Summoning                    9
Comestibles
 d - 2 bread rations
 t - 24 royal jellies
 z - 6 fruits


   Skills:
 + Level 13.6 Short Blades
 + Level 17.0 Dodging
 * Level 24.1 Stealth
 * Level 19.7 Spellcasting
 + Level 9.6 Conjurations
 + Level 14.7 Hexes
 + Level 8.2 Charms
 + Level 9.8 Summonings
 + Level 8.7 Translocations
 + Level 10.4 Ice Magic
 + Level 10.3 Invocations


You had 2 spell levels left.
You knew the following spells:

 Your Spells              Type           Power        Failure   Level  Hunger
a - Corona                Hex            ######.      0%          1    None
b - Ensorcelled Hibernat  Hex/Ice        ######       1%          2    None
c - Confuse               Hex            ######..     1%          3    None
d - Tukima's Dance        Hex            ######..     1%          3    None
e - Dazzling Spray        Conj/Hex       ######..     1%          3    None
f - Call Canine Familiar  Summ           ######..     1%          3    None
g - Summon Ice Beast      Ice/Summ       ######..     1%          4    None
h - Summon Mana Viper     Hex/Summ       ######..     1%          5    ##.....
i - Summon Hydra          Summ           ######....   45%         7    ######.
j - Apportation           Tloc           ######....   1%          1    None
k - Blink                 Tloc           N/A          1%          2    None
l - Shroud of Golubria    Chrm/Tloc      ######....   1%          2    None
m - Portal Projectile     Tloc           ######       1%          3    None
n - Teleport Other        Tloc           ######..     1%          3    None
o - Passage of Golubria   Tloc           N/A          1%          4    None
p - Cause Fear            Hex            ######....   1%          4    None


Dungeon Overview and Level Annotations

Branches:
Dungeon (1/1)

Altars:
Cheibriados
Dithmenos
Elyvilon
Fedhas
Gozag
Kikubaaqudgha
Makhleb
Nemelex Xobeh
Okawaru
Qazlal
Ru
Sif Muna
Trog
Vehumet
Xom
Yredelemnul
Zin
The Shining One
Jiyva
Lugonu

Shops:
D ![=:%=[

Annotations:
D Royal Jelly


Innate Abilities, Weirdness & Mutations

You are tiny and cannot use many weapons and most armour.
You have supernaturally acute eyesight.
You are a herbivore.
You cover ground extremely quickly.
You need consume almost no food.
Your body often deteriorates upon taking damage.
You are frail (-10% HP).
Your muscles are strong. (Str +2)


Message History

Aim: the royal jelly (resting, umbra)
Okay, then.
Use which ability? (? or * to list)
Aiming: Shadow Step
Press: ? - help, Dir - move target cursor, f - royal jelly
Aim: the royal jelly (resting, umbra)
You step into the royal jelly's shadow.
The wall burns you!
Your body deteriorates!
You feel dopey for a moment.
The helpless royal jelly fails to defend itself.
You stick the royal jelly like a pincushion!!!!!
Your hands burn!
The royal jelly is almost dead.
The royal jelly shudders alarmingly.
The royal jelly spits out eighteen more jellies.
Your shadow hits the royal jelly but does no damage.
Your shadow is burned by acid!
The wall burns you! The royal jelly hits you!!!
Ouch! That really hurt!
You die...

##.......##
##########
##...^.....##
##........
#....###...J#
#.........
#...##|##.GG#
#..#######
##..#%φ?#..##
#...[.)...
#...##)##..G#
##........
#...J###JJJG#
#########


##..JJJJJJJ## ##........ ##.JJJ@JJ## #∩.)...... ###JJJ### #∩.####### #####
#∩........ ##........ ######### You could see the royal jelly, 7 acid blobs, 9
azure jellies, 2 shining eyes, 3 death oozes and 2 giant eyeballs.

Vanquished Creatures
  Rupert (D)
  A deep elf blademaster (D)
  Gastronok (D)
  Harold (D)
  5 azure jellies (D)
  Maud (D)
  2 deep elf demonologists (D)
  A deep elf annihilator (D)
  2 dire elephants (D)
  A deep elf death mage (D)
  Josephine (D)
  An ice dragon (D)
  A deep elf high priest (D)
  A centaur warrior (D)
  3 hydras (D)
  5 anacondas (D)
  4 death yaks (D)
  A death drake (D)
  A deep elf knight (D)
  An unseen horror (D)
  A spriggan druid (D)
  A lindwurm (D)
  2 deep elf summoners (D)
  2 deep elf conjurers (D)
  Joseph (D)
  2 orc sorcerers (D)
  A shining eye (D)
  10 black mambas (D)
  2 elephants (D)
  2 spiny frogs (D)
  A komodo dragon (D)
  A guardian serpent (D)
  2 deep elf priests (D)
  A fire drake (D)
  A queen bee (D)
  3 wandering mushrooms (D)
  2 orc high priests (D)
  8 blink frogs (D)
  A shadow (D)
  3 redbacks (D)
  2 spriggans (D)
  A naga (D)
  A water moccasin (D)
  A hydra simulacrum (D)
  A spatial vortex (D)
  A swamp drake (D)
  A necrophage (D)
  2 centaurs (D)
  An earth elemental (D)
  2 brain worms (D)
  A water elemental (D)
  An electric eel (D)
  32 killer bees (D)
  A jelly (D)
  3 orc wizards (D)
  Crazy Yiuf (D)
  4 orc priests (D)
  Jessica (D)
  A wizard (D)
  A necromancer (D)
  3 humans (D)
  A kobold demonologist (D)
  4 adders (D)
  2 swamp drake simulacra (D)
  5 orcs (D)
  3 rats (D)
  A plant (D)
160 creatures vanquished.

Vanquished Creatures (collateral kills)
  A greater naga (D)
  A naga warrior (D)
  A shining eye (D)
  A naga (D)
  An orc warrior (D)
  2 orc wizards (D)
  3 orcs (D)
10 creatures vanquished.

Vanquished Creatures (others)
  2 draconian scorchers (D)
  2 yaktaurs (D)
  8 plants (D)
12 creatures vanquished.

Grand Total: 182 creatures vanquished

Notes
Turn   | Place    | Note
--------------------------------------------------------------
     0 | D        | Kidiri the Spriggan Enchanter began the quest for the Orb.
     0 | D        | Reached XP level 1. HP: 9/9 MP: 5/5
    19 | D        | Noticed Jessica
    22 | D        | Killed Jessica
    22 | D        | Reached skill level 6 in Stealth
    22 | D        | Reached XP level 2. HP: 13/13 MP: 5/8
    34 | D        | Learned a level 2 spell: Ensorcelled Hibernation
    89 | D        | Noticed Crazy Yiuf
   110 | D        | Reached skill level 7 in Stealth
   110 | D        | Reached skill level 5 in Spellcasting
   110 | D        | Reached XP level 3. HP: 16/16 MP: 1/10
   202 | D        | Killed Crazy Yiuf
   202 | D        | Reached skill level 5 in Dodging
   202 | D        | Reached skill level 5 in Hexes
   202 | D        | Reached skill level 1 in Ice Magic
   202 | D        | Reached XP level 4. HP: 21/21 MP: 6/12
   207 | D        | Learned a level 3 spell: Confuse
   207 | D        | Killed a white draconian scorcher
   211 | D        | Learned a level 3 spell: Tukima's Dance
   215 | D        | Learned a level 3 spell: Dazzling Spray
   218 | D        | Killed a white draconian scorcher
   247 | D        | Gained mutation: You are partially covered in slimy green scales (AC +2). [potion of mutation]
   247 | D        | Gained mutation: You occasionally shout uncontrollably at your foes. [potion of mutation]
   248 | D        | Gained mutation: You are dopey. (Int -2) [potion of mutation]
   248 | D        | Gained mutation: You are resistant to electric shocks. [potion of mutation]
   249 | D        | Lost mutation: You are resistant to electric shocks. [potion of cure mutation]
   249 | D        | Lost mutation: You occasionally shout uncontrollably at your foes. [potion of cure mutation]
   249 | D        | Lost mutation: You are dopey. (Int -2) [potion of cure mutation]
   249 | D        | Lost mutation: You are partially covered in slimy green scales (AC +2). [potion of cure mutation]
   286 | D        | Noticed a water elemental
   312 | D        | Killed a water elemental
   312 | D        | Reached skill level 8 in Stealth
   432 | D        | Noticed a jelly
   433 | D        | Noticed a shadow
   478 | D        | Killed a shadow
   478 | D        | Reached skill level 10 in Stealth
   478 | D        | Reached XP level 5. HP: 24/24 MP: 1/16
   478 | D        | Reached XP level 6. HP: 28/28 MP: 1/17
   502 | D        | Killed a jelly
   591 | D        | Killed a yaktaur
   592 | D        | Found a stormy altar of Qazlal.
   593 | D        | Found a sacrificial altar of Ru.
   593 | D        | Found a burning altar of Makhleb.
   593 | D        | Found a viscous altar of Jiyva.
   593 | D        | Found a shimmering altar of Xom.
   593 | D        | Found a shadowy altar of Dithmenos.
   593 | D        | Found a sparkling altar of Nemelex Xobeh.
   593 | D        | Found a corrupted altar of Lugonu.
   593 | D        | Found an opulent altar of Gozag.
   593 | D        | Noticed a spatial vortex
   600 | D        | Became a worshipper of Dithmenos the Shadowed
   936 | D        | Killed a spatial vortex
   936 | D        | Reached skill level 5 in Short Blades
   936 | D        | Reached skill level 11 in Stealth
  1053 | D        | Found a radiant altar of Vehumet.
  1053 | D        | Found a deep blue altar of Sif Muna.
  1053 | D        | Found an ancient bone altar of Kikubaaqudgha.
  1053 | D        | Noticed a wizard
  1055 | D        | Killed a wizard
  1069 | D        | Learned a level 3 spell: Call Canine Familiar
  1074 | D        | Learned a level 4 spell: Summon Ice Beast
  1156 | D        | Found a glowing silver altar of Zin.
  1157 | D        | Found a glowing golden altar of the Shining One.
  1157 | D        | Found a white marble altar of Elyvilon.
  1157 | D        | Noticed a deep elf priest
  1159 | D        | Killed a deep elf priest
  1159 | D        | Reached skill level 12 in Stealth
  1159 | D        | Reached skill level 1 in Summonings
  1159 | D        | Reached XP level 7. HP: 32/32 MP: 21/21
  1167 | D        | Found an iron altar of Okawaru.
  1168 | D        | Found a bloodstained altar of Trog.
  1168 | D        | Noticed a human
  1168 | D        | Noticed a human
  1170 | D        | Killed a human
  1170 | D        | Reached skill level 10 in Spellcasting
  1171 | D        | Killed a human
  1171 | D        | Reached skill level 13 in Stealth
  1204 | D        | Found a snail-covered altar of Cheibriados.
  1204 | D        | Noticed a necrophage
  1205 | D        | Noticed a necromancer
  1212 | D        | Killed a necrophage
  1212 | D        | Acquired Dithmenos's first power
  1212 | D        | Reached XP level 8. HP: 36/36 MP: 2/23
  1213 | D        | Found a basalt altar of Yredelemnul.
  1213 | D        | Found a blossoming altar of Fedhas.
  1216 | D        | Killed a necromancer
  1344 | D        | Noticed Josephine
  1346 | D        | Killed Josephine
  1346 | D        | Reached skill level 14 in Stealth
  1378 | D        | Noticed an earth elemental
  1381 | D        | Killed an earth elemental
  1381 | D        | Reached skill level 10 in Dodging
  1381 | D        | Reached skill level 5 in Ice Magic
  1386 | D        | Noticed a centaur
  1386 | D        | Noticed a centaur warrior
  1386 | D        | Noticed a centaur
  1388 | D        | Killed a centaur
  1388 | D        | Reached XP level 9. HP: 39/39 MP: 25/25
  1413 | D        | Killed a centaur
  1413 | D        | Acquired Dithmenos's second power
  1564 | D        | Noticed an unseen horror
  1566 | D        | Killed a centaur warrior
  1566 | D        | Reached skill level 15 in Stealth
  1569 | D        | Killed an unseen horror
  1569 | D        | Reached skill level 5 in Conjurations
  1579 | D        | Noticed a killer bee
  1579 | D        | Noticed a killer bee
  1579 | D        | Noticed a killer bee
  1579 | D        | Noticed a killer bee
  1579 | D        | Noticed a killer bee
  1579 | D        | Noticed a killer bee
  1579 | D        | Noticed a killer bee
  1579 | D        | Noticed a killer bee
  1579 | D        | Noticed a killer bee
  1579 | D        | Noticed a killer bee
  1579 | D        | Noticed a killer bee
  1579 | D        | Noticed a killer bee
  1579 | D        | Noticed a killer bee
  1579 | D        | Noticed a killer bee
  1579 | D        | Noticed a killer bee
  1581 | D        | Noticed a killer bee
  1581 | D        | Noticed a killer bee
  1581 | D        | Killed a killer bee
  1582 | D        | Noticed a killer bee
  1582 | D        | Noticed a killer bee
  1582 | D        | Noticed a killer bee
  1582 | D        | Noticed a killer bee
  1582 | D        | Noticed a killer bee
  1583 | D        | Noticed a killer bee
  1585 | D        | Noticed a killer bee
  1585 | D        | Killed a killer bee
  1588 | D        | Noticed a killer bee
  1590 | D        | Noticed a killer bee
  1590 | D        | Noticed a killer bee
  1590 | D        | Killed a killer bee
  1590 | D        | Acquired Dithmenos's third power
  1591 | D        | Noticed a killer bee
  1591 | D        | Noticed a queen bee
  1592 | D        | Noticed a killer bee
  1594 | D        | Killed a killer bee
  1596 | D        | Killed a killer bee
  1599 | D        | Noticed a killer bee
  1600 | D        | Killed a killer bee
  1602 | D        | Noticed a killer bee
  1602 | D        | Noticed a killer bee
  1602 | D        | Killed a killer bee
  1602 | D        | Reached skill level 16 in Stealth
  1604 | D        | Killed a killer bee
  1604 | D        | Acquired Dithmenos's fourth power
  1606 | D        | Killed a killer bee
  1610 | D        | Killed a killer bee
  1635 | D        | Learned a level 5 spell: Summon Mana Viper
  1643 | D        | Learned a level 7 spell: Summon Hydra
  1761 | D        | Killed a killer bee
  1765 | D        | Killed a killer bee
  1767 | D        | Killed a killer bee
  1767 | D        | Reached skill level 1 in Invocations
  1769 | D        | Killed a killer bee
  1769 | D        | Reached XP level 10. HP: 44/44 MP: 19/27
  1773 | D        | Killed a killer bee
  1775 | D        | Killed a killer bee
  1777 | D        | Killed a killer bee
  1777 | D        | Reached skill level 10 in Hexes
  1777 | D        | Reached skill level 5 in Summonings
  1779 | D        | Killed a killer bee
  1781 | D        | Killed a killer bee
  1783 | D        | Killed a killer bee
  1785 | D        | Killed a killer bee
  1787 | D        | Killed a killer bee
  1789 | D        | Killed a killer bee
  1936 | D        | Killed a killer bee
  1939 | D        | Killed a killer bee
  1941 | D        | Killed a killer bee
  1943 | D        | Killed a killer bee
  1945 | D        | Killed a killer bee
  1947 | D        | Killed a killer bee
  1949 | D        | Killed a killer bee
  1951 | D        | Killed a killer bee
  1953 | D        | Killed a killer bee
  2213 | D        | Killed a queen bee
  2291 | D        | Noticed a wandering mushroom
  2293 | D        | Noticed a wandering mushroom
  2293 | D        | Noticed a wandering mushroom
  2294 | D        | Killed a wandering mushroom
  2296 | D        | Killed a wandering mushroom
  2297 | D        | Killed a wandering mushroom
  2349 | D        | Noticed a spiny frog
  2349 | D        | Noticed a komodo dragon
  2349 | D        | Noticed a spiny frog
  2352 | D        | Killed a spiny frog
  2352 | D        | Reached skill level 17 in Stealth
  2354 | D        | Killed a spiny frog
  2364 | D        | Killed a komodo dragon
  2423 | D        | Noticed a redback
  2425 | D        | Killed a redback
  2426 | D        | Noticed a brain worm
  2429 | D        | Killed a brain worm
  2436 | D        | Noticed a brain worm
  2438 | D        | Killed a brain worm
  2441 | D        | Noticed a lindwurm
  2443 | D        | Noticed a redback
  2446 | D        | Killed a lindwurm
  2448 | D        | Killed a redback
  2461 | D        | Noticed a redback
  2465 | D        | Killed a redback
  2607 | D        | Noticed Maud
  2609 | D        | Killed Maud
  2609 | D        | Reached skill level 18 in Stealth
  2609 | D        | Reached XP level 11. HP: 47/47 MP: 30/30
  2639 | D        | Noticed a swamp drake
  2639 | D        | Noticed a fire drake
  2676 | D        | Noticed Harold
  2676 | D        | Noticed Joseph
  2678 | D        | Killed Harold
  2678 | D        | Reached skill level 10 in Short Blades
  2678 | D        | Reached skill level 15 in Spellcasting
  2678 | D        | Reached skill level 5 in Invocations
  2679 | D        | Killed Joseph
  2705 | D        | Noticed an orc high priest
  2705 | D        | Noticed an orc priest
  2706 | D        | Noticed an orc priest
  2706 | D        | Noticed an orc priest
  2707 | D        | Killed an orc high priest
  2708 | D        | Killed an orc priest
  2710 | D        | Killed an orc priest
  2711 | D        | Killed an orc priest
  2845 | D        | Killed a swamp drake
  2849 | D        | Killed a fire drake
  2865 | D        | Noticed a blink frog
  2865 | D        | Noticed a blink frog
  2865 | D        | Noticed a blink frog
  2866 | D        | Noticed a blink frog
  2867 | D        | Noticed a blink frog
  2868 | D        | Killed a blink frog
  2869 | D        | Killed a blink frog
  2870 | D        | Killed a blink frog
  2870 | D        | Reached skill level 19 in Stealth
  3171 | D        | Killed a blink frog
  3175 | D        | Killed a blink frog
  3189 | D        | Noticed Rupert
  3319 | D        | Killed Rupert
  3537 | D        | Noticed a death yak
  3538 | D        | Noticed a death yak
  3538 | D        | Noticed a blink frog
  3539 | D        | Noticed an azure jelly
  3539 | D        | Noticed a death yak
  3539 | D        | Noticed an azure jelly
  3539 | D        | Noticed a blink frog
  3539 | D        | Noticed a death yak
  3540 | D        | Killed a death yak
  3735 | D        | Noticed a black mamba
  3736 | D        | Noticed a blink frog
  3742 | D        | Killed a blink frog
  3750 | D        | Killed a death yak
  3919 | D        | Killed a black mamba
  3919 | D        | Reached XP level 12. HP: 51/51 MP: 30/33
  3925 | D        | Noticed a black mamba
  3925 | D        | Killed a blink frog
  3948 | D        | Killed a death yak
  3948 | D        | Reached skill level 20 in Stealth
  4050 | D        | Killed a death yak
  4053 | D        | Killed a black mamba
  4137 | D        | Killed a blink frog
  4149 | D        | Noticed an anaconda
  4150 | D        | Noticed a black mamba
  4150 | D        | Noticed a black mamba
  4165 | D        | Killed an anaconda
  4167 | D        | Killed a black mamba
  4170 | D        | Killed a black mamba
  4225 | D        | Noticed an anaconda
  4225 | D        | Noticed a black mamba
  4232 | D        | Killed an anaconda
  4233 | D        | Killed a black mamba
  4269 | D        | Noticed an anaconda
  4269 | D        | Noticed a black mamba
  4269 | D        | Noticed a water moccasin
  4269 | D        | Noticed a black mamba
  4270 | D        | Killed an anaconda
  4272 | D        | Killed a black mamba
  4274 | D        | Killed a black mamba
  4278 | D        | Killed a water moccasin
  4306 | D        | Noticed an anaconda
  4306 | D        | Noticed a black mamba
  4306 | D        | Noticed a black mamba
  4306 | D        | Noticed a black mamba
  4306 | D        | Noticed an anaconda
  4308 | D        | Killed a black mamba
  4310 | D        | Killed a black mamba
  4312 | D        | Killed an anaconda
  4312 | D        | Reached skill level 21 in Stealth
  4315 | D        | Killed an anaconda
  4317 | D        | Killed a black mamba
  4345 | D        | Noticed a naga
  4345 | D        | Noticed a naga
  4346 | D        | Noticed a naga warrior
  4346 | D        | Noticed a greater naga
  4346 | D        | Found Ilufadoj's Distillery.
  4346 | D        | Found Tonuit's Antique Armour Emporium.
  4540 | D        | Killed a greater naga
  4540 | D        | Reached skill level 15 in Dodging
  4551 | D        | Killed a naga
  4662 | D        | Killed a naga
  4678 | D        | Found Botaof's Jewellery Shop.
  4701 | D        | Killed a naga warrior
  4709 | D        | Noticed a guardian serpent
  4711 | D        | Killed a guardian serpent
  4713 | D        | Got a serpentine rune of Zot
  4886 | D        | Found Canyod's Book Boutique.
  4886 | D        | Noticed an orc sorcerer
  4887 | D        | Noticed an orc high priest
  4887 | D        | Noticed an orc sorcerer
  4887 | D        | Noticed an orc wizard
  4887 | D        | Noticed an orc wizard
  4887 | D        | Noticed an orc wizard
  4887 | D        | Noticed an orc wizard
  4887 | D        | Noticed an orc priest
  4887 | D        | Noticed an orc wizard
  4887 | D        | Noticed an orc warrior
  4888 | D        | Killed an orc sorcerer
  4891 | D        | Killed an orc sorcerer
  4892 | D        | Killed an orc high priest
  4894 | D        | Killed an orc priest
  4896 | D        | Killed an orc wizard
  4903 | D        | Killed an orc wizard
  4907 | D        | Killed an orc wizard
  4912 | D        | Killed an orc wizard
  4915 | D        | Killed an orc wizard
  4916 | D        | Killed an orc warrior
  4916 | D        | Reached XP level 13. HP: 31/55 MP: 4/35
  4945 | D        | Killed a yaktaur
  5158 | D        | Bought a jewelled cloak for 209 gold pieces
  5168 | D        | Identified the +1 cloak "Emmass" {Slay+2} (You bought it in a shop in the Dungeon)
  5288 | D        | Bought a book of Spatial Translocations for 715 gold pieces
  5292 | D        | Learned a level 1 spell: Apportation
  5295 | D        | Learned a level 2 spell: Blink
  5298 | D        | Learned a level 2 spell: Shroud of Golubria
  5302 | D        | Learned a level 3 spell: Portal Projectile
  5306 | D        | Learned a level 3 spell: Teleport Other
  5311 | D        | Learned a level 4 spell: Passage of Golubria
  5383 | D        | Noticed a deep elf summoner
  5383 | D        | Noticed a deep elf conjurer
  5383 | D        | Noticed a deep elf summoner
  5383 | D        | Noticed a deep elf knight
  5383 | D        | Noticed a deep elf priest
  5389 | D        | Noticed a deep elf demonologist
  5416 | D        | Killed a deep elf knight
  5416 | D        | Reached skill level 1 in Charms
  5416 | D        | Reached skill level 1 in Translocations
  5425 | D        | Killed a deep elf conjurer
  5427 | D        | Killed a deep elf summoner
  5430 | D        | Killed a deep elf summoner
  5577 | D        | Noticed a deep elf annihilator
  5580 | D        | Noticed a deep elf demonologist
  5581 | D        | Killed a deep elf priest
  5598 | D        | Noticed a deep elf death mage
  5604 | D        | Killed a deep elf death mage
  5604 | D        | Reached skill level 22 in Stealth
  5646 | D        | Noticed a deep elf high priest
  5654 | D        | Noticed a Brimstone Fiend
  5654 | D        | Killed a deep elf demonologist
  5771 | D        | Killed a deep elf demonologist
  5791 | D        | Noticed a deep elf conjurer
  5800 | D        | Killed a deep elf conjurer
  5806 | D        | Noticed a deep elf blademaster
  6141 | D        | Killed a deep elf high priest
  6281 | D        | Killed a deep elf annihilator
  7166 | D        | Killed a deep elf blademaster
  7166 | D        | Reached skill level 5 in Charms
  7166 | D        | Reached skill level 5 in Translocations
  7176 | D        | Identified the Grimoire of Battle Magic
  7196 | D        | Got a shimmering iron ring
  7196 | D        | Got an ancient lead ring
  7200 | D        | Identified the Grimoire of Fiery Augmentations
  7233 | D        | Identified the ring of Conversion {rPois rF+} (You found it in the Dungeon)
  7234 | D        | Identified the ring of Reheacu {SustAt rF+} (You found it in the Dungeon)
  7374 | D        | Noticed an azure jelly
  7374 | D        | Noticed an azure jelly
  7375 | D        | Noticed an elephant
  7375 | D        | Noticed an elephant
  7375 | D        | Noticed a dire elephant
  7375 | D        | Noticed a dire elephant
  7375 | D        | Noticed Gastronok
  7377 | D        | Killed Gastronok
  7378 | D        | Killed a dire elephant
  7380 | D        | Killed a dire elephant
  7380 | D        | Reached skill level 23 in Stealth
  7383 | D        | Killed an elephant
  7385 | D        | Killed an elephant
  7486 | D        | Bought a potion of mutation for 32 gold pieces
  7486 | D        | Gained mutation: Your muscles are strong. (Str +2) [potion of mutation]
  7486 | D        | Gained mutation: You are clumsy. (Dex -2) [potion of mutation]
  7486 | D        | Lost mutation: You are clumsy. (Dex -2) [potion of mutation]
  7615 | D        | Noticed an electric eel
  7616 | D        | Noticed a six-headed hydra
  7616 | D        | Noticed a seven-headed hydra
  7620 | D        | Killed an electric eel
  7622 | D        | Killed a six-headed hydra
  7623 | D        | Killed a seven-headed hydra
  7623 | D        | Reached skill level 10 in Ice Magic
  7634 | D        | Noticed a death drake
  7637 | D        | Killed a death drake
  7651 | D        | Learned a level 4 spell: Cause Fear
  7658 | D        | Found a blossoming altar of Fedhas.
  7658 | D        | Noticed a spriggan
  7658 | D        | Noticed a spriggan druid
  7658 | D        | Noticed a spriggan
  7660 | D        | Killed a spriggan druid
  7661 | D        | Killed a spriggan
  7662 | D        | Killed a spriggan
  7831 | D        | Noticed an ice dragon
  7844 | D        | Killed an ice dragon
  7938 | D        | Found Zakkiug's Food Emporium.
  7938 | D        | Found Fomux's Jewellery Shop.
  7938 | D        | Found Jyemm's Antique Armour Shoppe.
  8037 | D        | Noticed a four-headed hydra
  8037 | D        | Noticed a seven-headed hydra simulacrum
  8039 | D        | Killed a four-headed hydra
  8041 | D        | Killed a seven-headed hydra simulacrum
  8043 | D        | Got a decaying rune of Zot
  8286 | D        | Bought a book of Geomancy for 385 gold pieces
  8537 | D        | Killed an azure jelly
  8681 | D        | Killed an azure jelly
  8681 | D        | Reached skill level 10 in Invocations
  8681 | D        | Reached XP level 14. HP: 59/59 MP: 19/38
  8834 | D        | Killed an azure jelly
  8835 | D        | Killed an azure jelly
  8855 | D        | Noticed an azure jelly
  8855 | D        | Noticed a shining eye
  8855 | D        | Noticed a shining eye
  9164 | D        | Killed an azure jelly
  9164 | D        | Reached skill level 24 in Stealth
  9250 | D        | Gained mutation: You are frail (-10% HP). [a shining eye]
  9251 | D        | Gained mutation: Your body sometimes deteriorates upon taking damage. [a shining eye]
  9256 | D        | Gained mutation: Your body often deteriorates upon taking damage. [a shining eye]
  9259 | D        | Killed a shining eye
  9292 | D        | Noticed an acid blob
  9292 | D        | Noticed a shining eye
  9292 | D        | Noticed a shining eye
  9293 | D        | Noticed the royal jelly
  9293 | D        | Found a viscous altar of Jiyva.
  9294 | D        | Killed a shining eye
  9297 | D        | Noticed an azure jelly
  9297 | D        | Noticed an azure jelly
  9297 | D        | Noticed an azure jelly
  9297 | D        | Noticed an acid blob
  9297 | D        | Noticed an azure jelly
  9297 | D        | Noticed an azure jelly
  9297 | D        | Noticed an azure jelly
  9297 | D        | Noticed an acid blob
  9297 | D        | Noticed an azure jelly
  9297 | D        | Noticed an azure jelly
  9297 | D        | Noticed an acid blob
  9297 | D        | Noticed an acid blob
  9297 | D        | Noticed an acid blob
  9297 | D        | Noticed an azure jelly
  9297 | D        | Noticed an acid blob
  9297 | D        | Mangled by the royal jelly

Vault maps used:
D:        dungeon_sprint_mu

Action                   |  1- 3 |  4- 6 |  7- 9 | 10-12 | 13-15 || total
-------------------------+-------+-------+-------+-------+-------++-------
Melee: Dagger            |     7 |    24 |    38 |   192 |    59 ||   320
 Cast: Ensorcelled Hiber |     5 |       |    21 |    63 |     4 ||    93
       Dazzling Spray    |       |     8 |     5 |    28 |    24 ||    65
       Confuse           |       |     1 |     2 |    11 |    40 ||    54
       Corona            |       |     2 |       |     3 |     1 ||     6
       Tukima's Dance    |       |       |     1 |       |       ||     1
       Summon Mana Viper |       |       |       |     8 |     3 ||    11
       Summon Ice Beast  |       |       |       |     7 |       ||     7
       Passage of Golubr |       |       |       |       |     7 ||     7
Invok: Shadow Step       |       |       |     1 |    17 |     6 ||    24
  Use: Scroll            |       |     4 |       |     1 |       ||     5
       Potion            |       |     4 |       |       |     1 ||     5
 Stab: Sleeping          |     5 |     4 |    21 |    78 |    19 ||   127
       Confused          |       |     1 |     2 |     3 |     5 ||    11
       Distracted        |       |       |       |     1 |       ||     1
       Invisible         |       |       |       |     2 |     3 ||     5
  Eat: Royal jelly       |       |       |       |     2 |       ||     2
       Bread ration      |       |       |       |       |     1 ||     1
